[Event "FIDE Open World Rapid 2024"]
[Site "New York"]
[Date "2024.12.27"]
[Round "8.42"]
[White "Andriasian, Zaven"]
[Black "Brodsky, David"]
[Result "1-0"]
[ECO "C42"]
[WhiteElo "2554"]
[BlackElo "2538"]
[Annotator "ChessBase"]
[PlyCount "121"]
[EventDate "2024.12.14"]
[EventType "swiss"]
[EventCountry "USA"]
[SourceTitle "playchess.com"]
[Source "ChessBase"]
[SourceQuality "1"]
[TimeControl "900+10"]

1. e4 e5 2. Nf3 Nf6 3. Nxe5 d6 4. Nf3 Nxe4 5. Nc3 Nxc3 6. dxc3 Be7 7. Be3 Nc6 8. Qd2 Bf5 9. O-O-O Qd7 10. h3 a6 11. Kb1 O-O-O 12. Nd4 Nxd4 13. Bxd4 Rhg8 14. Be2 g6 15. Rhe1 Rge8 16. b3 h5 17. c4 Kb8 18. Bf3 Bf8 19. Be3 Bg7 20. Qd5 Qc8 21. Bg5 f6 22. Be3 Be6 23. Qd4 c5 24. Qd2 Ka7 25. Bf4 g5 26. Be3 g4 27. hxg4 hxg4 28. Bd5 Bxd5 29. Qxd5 f5 30. Bf4 Be5 31. g3 Qc7 32. Qd3 Bd4 33. Be3 Qa5 34. Rh1 Bxe3 35. fxe3 Re5 36. Rh7 Qb6 37. Rf7 d5 38. cxd5 Qg6 39. Rc7 Qd6 40. Rf7 Qg6 41. Rc7 Qd6 42. Rf7 Qg6 43. Qc3 Rexd5 44. Rxd5 Rxd5 45. Re7 Qc6 46. Kb2 Rd1 47. Re5 Rd5 48. Re7 Rd1 49. a4 Qd6 50. Qg7 Qc6 51. Qe5 Rd5 52. Qc3 Rd1 53. a5 Qd6 54. Qg7 Qc6 55. Rc7 Qh1 56. Ka2 Qd5 57. Qc3 Rg1 58. Rxc5 Qd1 59. Rxf5 Qd6 60. Rf6 Qd5 61. e4 1-0

[Event "FIDE Open World Rapid 2024"]
[Site "New York"]
[Date "2024.12.27"]
[Round "8.42"]
[White "Larrea, Manuel"]
[Black "Wanyama, Harold"]
[Result "0-1"]
[ECO "B22"]
[WhiteElo "2259"]
[BlackElo "2154"]
[Annotator "ChessBase"]
[PlyCount "72"]
[EventDate "2024.12.14"]
[EventType "swiss"]
[EventCountry "USA"]
[SourceTitle "playchess.com"]
[Source "ChessBase"]
[SourceQuality "1"]
[TimeControl "900+10"]

1. e4 c5 2. Nf3 e6 3. c3 Nf6 4. e5 Nd5 5. d4 cxd4 6. cxd4 Qc7 7. a3 d6 8. exd6 Bxd6 9. Bd3 O-O 10. O-O Nd7 11. Bc2 b6 12. Qd3 N7f6 13. Nc3 Nxc3 14. bxc3 a5 15. Bg5 Ba6 16. Qd2 Bxf1 17. Bxf6 Bf4 18. Be5 Bxe5 19. Rxf1 Bf6 20. Be4 Rac8 21. Rc1 Rfd8 22. h4 Qe7 23. Qd3 g6 24. h5 Bg7 25. hxg6 hxg6 26. Nd2 Qxa3 27. Rc2 a4 28. Nc4 Qa1+ 29. Kh2 b5 30. Nb6 Rc5 31. Bf3 Be5+ 32. g3 Bc7 33. Qe3 Rf5 34. Na8 Bd6 35. Rc1 Qb2 36. Kg2 Rxf3 0-1

[Event "FIDE Open World Rapid 2024"]
[Site "New York"]
[Date "2024.12.27"]
[Round "8.43"]
[White "Zhalmakhanov, Ramazan"]
[Black "Meier, Georg"]
[Result "0-1"]
[ECO "D02"]
[WhiteElo "2486"]
[BlackElo "2599"]
[Annotator "ChessBase"]
[PlyCount "86"]
[EventDate "2024.12.14"]
[EventType "swiss"]
[EventCountry "USA"]
[SourceTitle "playchess.com"]
[Source "ChessBase"]
[SourceQuality "1"]
[TimeControl "900+10"]

1. d4 e6 2. Bf4 d5 3. e3 Bd6 4. Nf3 Bxf4 5. exf4 Qd6 6. Ne5 Qb4+ 7. Nc3 Qxb2 8. Nb5 Qb4+ 9. c3 Qe7 10. Qa4 c6 11. Nxa7 b5 12. Nxc8 Rxa4 13. Nxe7 Nxe7 14. Be2 f6 15. Nd3 Nd7 16. Kd2 Kf7 17. Kc2 Rha8 18. Kb2 R4a5 19. Rhe1 Nb6 20. Bd1 Nc4+ 21. Kb1 Nf5 22. Bb3 Nh4 23. Nc5 Nxg2 24. Rxe6 Nxf4 25. Rxc6 Re8 26. Bxc4 dxc4 27. a4 Nd5 28. Kb2 Re2+ 29. Ka3 Rxf2 30. Rd6 b4+ 31. cxb4 Rf3+ 32. Kb2 Nxb4 33. Rd7+ Kg6 34. Ne6 Rb3+ 35. Kc1 Rf5 36. Rxg7+ Kh6 37. Rg1 Rf2 38. Nc5 Rh3 39. a5 Na2+ 40. Rxa2 Rxa2 41. Kb1 Rhxh2 42. a6 Rhb2+ 43. Kc1 c3 0-1

[Event "FIDE Open World Rapid 2024"]
[Site "New York"]
[Date "2024.12.28"]
[Round "8.43"]
[White "Ahmed, Nidal"]
[Black "Wong, Hayoung"]
[Result "0-1"]
[ECO "C26"]
[WhiteElo "1796"]
[BlackElo "1704"]
[Annotator "NA"]
[PlyCount "188"]
[EventDate "2024.12.14"]
[EventType "swiss"]
[EventCountry "USA"]
[SourceTitle "playchess.com"]
[Source "ChessBase"]
[SourceQuality "1"]
[TimeControl "900+10"]

1. e4 e5 2. Nc3 Nc6 3. g3 Nf6 4. Bg2 Bc5 5. Nge2 d6 6. Na4 Bb6 7. Nxb6 axb6 8. d4 exd4 9. Nxd4 Nxd4 10. Qxd4 O-O 11. Bg5 Qe7 12. O-O Qe6 13. Bxf6 Qxf6 14. Qxf6 gxf6 15. a3 Bd7 16. Rfe1 Rfe8 17. Rad1 Bc6 18. Re3 Ra4 19. Rde1 Rd4 20. Rd3 Rc4 21. c3 Ra4 22. Rde3 Kf8 23. f4 Ra5 24. Kf2 Ra4 25. Bf3 Ra5 26. g4 h6 27. h4 Ra4 28. Kg3 Ra5 29. Bd1 Kg7 30. Bc2 Kf8 31. Bd1 Kg7 32. Bf3 Kf8 33. f5 Rae5 34. Kf4 Bd7 35. R1e2 Bc6 36. c4 b5 37. cxb5 Bxb5 38. Rd2 Bc6 39. Rdd3 Ra8 40. g5 hxg5+ 41. hxg5 Ke7 42. gxf6+ Kxf6 43. Rd1 Ra4 44. Rh1 Rxf5+ 45. Kg3 Rg5+ 46. Kf2 Re5 47. Rh6+ Kg7 48. Rh4 Rc4 49. Re2 Rec5 50. Rg4+ Kf6 51. Rf4+ Ke7 52. Kg3 Rc2 53. b4 R5c3 54. Rxc2 Rxc2 55. Bh5 Rc3+ 56. Rf3 Rxf3+ 57. Bxf3 Ke6 58. Kf4 Kf6 59. Bh5 Ke7 60. Bg4 Ba4 61. Be2 Bb3 62. b5 f6 63. Ke3 Ke6 64. Kd4 d5 65. Kc3 Ba2 66. Kb2 Bc4 67. exd5+ Kxd5 68. Bf3+ Kc5 69. Bxb7 Kxb5 70. Kc3 Be6 71. Bf3 c5 72. Bd1 f5 73. a4+ Ka5 74. Bc2 f4 75. Bd1 Bd5 76. Kd2 Kb4 77. Kd3 Bc6 78. a5 Kxa5 79. Kc4 Kb6 80. Kc3 Be4 81. Kc4 Bg2 82. Kd3 Kb5 83. Bb3 Kb4 84. Be6 f3 85. Bd5 Kb5 86. Ke3 Kb4 87. Kd3 Bf1+ 88. Ke3 Be2 89. Kd2 c4 90. Be4 Kb3 91. Bf5 Kb2 92. Be4 c3+ 93. Ke3 Kc1 94. Kd4 Kd2 0-1

[Event "FIDE Open World Rapid 2024"]
[Site "New York"]
[Date "2024.12.27"]
[Round "8.44"]
[White "Grebnev, Aleksey"]
[Black "Lenderman, Aleksandr"]
[Result "1/2-1/2"]
[ECO "D27"]
[WhiteElo "2555"]
[BlackElo "2480"]
[Annotator "ChessBase"]
[PlyCount "123"]
[EventDate "2024.12.14"]
[EventType "swiss"]
[EventCountry "USA"]
[SourceTitle "playchess.com"]
[Source "ChessBase"]
[SourceQuality "1"]
[TimeControl "900+10"]

1. d4 d5 2. c4 c6 3. Nc3 Nf6 4. e3 a6 5. Bd3 dxc4 6. Bxc4 b5 7. Bb3 e6 8. Nf3 Bb7 9. O-O c5 10. e4 cxd4 11. Nxd4 Nc6 12. Nxc6 Qxd1 13. Rxd1 Bxc6 14. f3 Be7 15. Be3 O-O 16. Rac1 Rfc8 17. Ne2 Bb7 18. Nf4 Rxc1 19. Rxc1 Rc8 20. Rxc8+ Bxc8 21. Nd3 Nd7 22. Bd4 Bb7 23. Kf2 Bc6 24. Ke3 Kf8 25. a3 g6 26. g3 Ke8 27. f4 Nf6 28. Nf2 Nd7 29. Bd1 Kd8 30. Nd3 Kc7 31. g4 a5 32. g5 b4 33. axb4 axb4 34. h4 Bb5 35. Ne5 Nxe5 36. Bxe5+ Kb6 37. Bc2 Bc5+ 38. Bd4 e5 39. fxe5 Bc4 40. Ba4 Be6 41. Kd3 Ka5 42. Bc6 Bf8 43. Be3 Bg7 44. Kd4 Kb6 45. Be8 Bf8 46. Kd3+ Ka5 47. Bc6 Bg7 48. Kd4 Bf8 49. Bd5 Kb5 50. Kd3 Bg7 51. Bd4 Bf8 52. b3 Bg7 53. Bb2 Bf8 54. Ba1 Be7 55. Bd4 Bf8 56. Bb2 Be7 57. Ba1 Bf8 58. Bd4 Be7 59. Ba7 Bf8 60. Kd4 Be7 61. Kd3 Bf8 62. Bd4 1/2-1/2

[Event "FIDE Open World Rapid 2024"]
[Site "New York"]
[Date "2024.12.27"]
[Round "8.44"]
[White "Makoto, Rodwell"]
[Black "Grahn, Vidar"]
[Result "1-0"]
[ECO "A08"]
[WhiteElo "2334"]
[BlackElo "2263"]
[Annotator "ChessBase"]
[PlyCount "53"]
[EventDate "2024.12.14"]
[EventType "swiss"]
[EventCountry "USA"]
[SourceTitle "playchess.com"]
[Source "ChessBase"]
[SourceQuality "1"]
[TimeControl "900+10"]

1. Nf3 d5 2. g3 g6 3. Bg2 Bg7 4. O-O e5 5. d3 Ne7 6. Nbd2 O-O 7. e4 c5 8. exd5 Nxd5 9. Nc4 Nc6 10. Re1 Re8 11. a4 h6 12. c3 Rb8 13. Nfd2 f5 14. Nb3 b6 15. f4 Kh7 16. fxe5 Nxe5 17. Nxe5 Rxe5 18. Rxe5 Bxe5 19. d4 cxd4 20. Nxd4 Ne7 21. Qb3 Bxd4+ 22. cxd4 Qg8 23. Qxg8+ Nxg8 24. Bf4 Rb7 25. Rc1 Rd7 26. Rxc8 Rxd4 27. Rc7+ 1-0

[Event "FIDE Open World Rapid 2024"]
[Site "New York"]
[Date "2024.12.27"]
[Round "8.45"]
[White "Niemann, Hans Moke"]
[Black "Khanin, Semen"]
[Result "1/2-1/2"]
[ECO "C54"]
[WhiteElo "2734"]
[BlackElo "2568"]
[Annotator "TA"]
[PlyCount "90"]
[EventDate "2024.12.14"]
[EventType "swiss"]
[EventCountry "USA"]
[SourceTitle "playchess.com"]
[Source "ChessBase"]
[SourceQuality "1"]
[TimeControl "900+10"]

1. e4 e5 2. Nf3 Nc6 3. Bc4 Nf6 4. d3 Bc5 5. O-O d6 6. c3 a6 7. Re1 Ba7 8. Nbd2 Na5 9. Bb3 Nxb3 10. axb3 O-O 11. Nf1 h6 12. h3 Nh5 13. d4 Qf6 14. Be3 Nf4 15. Ng3 g6 16. Bxf4 Qxf4 17. Nf5 Bxf5 18. g3 (18. exf5 e4 $15 (18... Qxf5 19. dxe5 Rad8 20. Qc1 $11)) 18... Qxe4 $1 19. Rxe4 (19. dxe5 $2 Qc6 20. Ra4 dxe5 (20... Bxh3 $2 21. Rh4 $19) 21. Nxe5 Qc5 $19) 19... Bxe4 20. dxe5 dxe5 21. Nxe5 Rfe8 22. Ng4 Kg7 23. Qd2 g5 24. Qd7 Rad8 25. Qxc7 Rd2 26. Rf1 Re6 27. Qa5 (27. Nxh6 $11 Kxh6 28. Qxf7) 27... Bb6 28. Qb4 Bd3 (28... Bf3 $5 29. c4 Rc2 $17) 29. c4 $1 Rc2 30. Ra1 $2 (30. Re1 $15 a5 (30... Rxb2 $2 31. Rxe6 fxe6 32. Qc3+ Kg8 33. Qxb2 $18) 31. Rxe6 Bxf2+ (31... axb4 32. Rxb6 Be4 33. f3 $15) 32. Nxf2 axb4 33. Rb6) 30... h5 $1 $19 (30... Rxb2 $2 31. Qc3+ f6 32. Qxb2 $18) 31. Ne3 Bxe3 32. fxe3 Rxe3 $2 (32... Rxb2 $2 33. Qc3+ (33. Qxb7 $2 Be4 $19) 33... f6 34. Qxb2 $18) ({Black should play} 32... Be4 $1 $19 {aiming for ...Rg2+.} 33. c5 Rg2+ (33... Rxb2 $2 34. Qd4+ Kg6 35. Qxb2 $18) 34. Kh1 Rxg3+ (34... Rxb2+ $2 35. Kg1 $19) 35. Kh2 Rg2+ (35... Rxe3 $2 36. Qd4+ Kh6 37. Qxe3 $18) 36. Kh1 Re5 (36... Rxb2+ $2 37. Kg1 $19) 37. Qxe4 Rxe4 38. Kxg2 Rxe3) 33. Qd6 $11 Kh7 (33... Rxb2 $2 34. Qd4+ Kh7 35. Qxe3 $18) 34. Rd1 {[%emt 0:00:07] [#]} (34. Qc7 $11 {keeps the balance.} Bg6 (34... Rxb2 $2 {loses.} 35. Qxf7+ Kh6 36. Qf6+ Kh7 37. Qxb2 $18) 35. Rf1) 34... h4 (34... Bg6 $1 $17) 35. gxh4 $11 (35. Rxd3 $2 Re1#) 35... gxh4 36. Qf4 Rg3+ 37. Qxg3 hxg3 38. Rxd3 Rxb2 39. Rxg3 f5 40. h4 Kh6 41. Rg5 f4 42. Rf5 Rxb3 43. Rxf4 a5 44. Kf2 a4 45. c5 Rc3 1/2-1/2

[Event "FIDE Open World Rapid 2024"]
[Site "New York"]
[Date "2024.12.27"]
[Round "8.46"]
[White "Tsaruk, Maksim"]
[Black "Martirosyan, Haik M."]
[Result "0-1"]
[ECO "B22"]
[WhiteElo "2424"]
[BlackElo "2656"]
[Annotator "ChessBase"]
[PlyCount "134"]
[EventDate "2024.12.14"]
[EventType "swiss"]
[EventCountry "USA"]
[SourceTitle "playchess.com"]
[Source "ChessBase"]
[SourceQuality "1"]
[TimeControl "900+10"]

1. e4 c5 2. c3 e6 3. d4 d5 4. exd5 Qxd5 5. Nf3 Nf6 6. Na3 Qd8 7. Nc4 Nc6 8. Nce5 cxd4 9. Nxc6 bxc6 10. Qxd4 Qb6 11. Be2 Ba6 12. Qxb6 axb6 13. c4 b5 14. cxb5 cxb5 15. a4 Bb4+ 16. Nd2 bxa4 17. Rxa4 Rc8 18. Kd1 Bxe2+ 19. Kxe2 Nd5 20. Nc4 O-O 21. Ne3 Nf4+ 22. Kf3 Nd3 23. Rd1 Ne5+ 24. Ke2 Rb8 25. Bd2 Bxd2 26. Rxd2 Rb3 27. Rad4 g5 28. h4 gxh4 29. Rxh4 Rfb8 30. Re4 R8b5 31. Nd1 Ng6 32. g3 Kg7 33. Rd7 Rc5 34. Re3 Rb8 35. Rc3 Rxb2+ 36. Nxb2 Rxc3 37. Nd3 Kf6 38. Ra7 h5 39. Kd2 Rc4 40. Ke3 e5 41. Ra6+ Kf5 42. Ra7 f6 43. Rh7 h4 44. gxh4 Nxh4 45. Rb7 Re4+ 46. Kd2 Nf3+ 47. Kd1 Rh4 48. Ke2 Nd4+ 49. Kf1 Ke4 50. Nc5+ Kf3 51. Rg7 Nf5 52. Rg6 Rd4 53. Ke1 Rd6 54. Nb3 Kf4 55. Nd2 Ra6 56. Ke2 e4 57. Rg8 Nd4+ 58. Kf1 Ra2 59. Nc4 Nf3 60. Rf8 Ra1+ 61. Kg2 Rg1+ 62. Kh3 Rg6 63. Ne3 Ng5+ 64. Kh2 Kf3 65. Kh1 Rh6+ 66. Kg1 Nh3+ 67. Kf1 Nxf2 0-1